 Dungeon Crawl Stone Soup version 0.30-a0-4-ga7cffc901d (webtiles) character file.

Game seed: 1400188922217533863

508 SensoryNuts the Chopper (level 7, -3/43 HPs)
             Began as a Gargoyle Fighter on Aug 21, 2022.
             Slain by an ogre
             ... wielding a +0 giant club
              (20 damage)
             ... on level 4 of the Dungeon.
             The game lasted 00:05:32 (4987 turns).

SensoryNuts the Chopper (Gargoyle Fighter)          Turns: 4987, Time: 00:05:32

Health: -3/43      AC: 16    Str: 20 (21) XL:     7   Next: 18%
Magic:  7/7        EV:  2    Int:  9      God:
Gold:   230        SH: 12    Dex:  7 (9)  Spells: 6/6 levels left

rFire   . . .      SeeInvis .    a - +1 war axe
rCold   . . .      Faith    .    q - +1 tower shield
rNeg    + . .      Spirit   .    h - +0 plate armour
rPois   ∞          Reflect  .    (no helmet)
rElec   +          Harm     .    (no cloak)
rCorr   .          Rampage  .    (no gloves)
Will    .....                    (no boots)
Stlth   ..........               (no amulet)
HPRegen 0.14/turn                (no ring)
MPRegen 0.10/turn                (no ring)

@: attractive, hasted, very quick
A: sickness immunity, AC +4, negative energy resistance 1, electricity
resistance, torment resistance 1, petrification resistance
a: no special abilities


You were on level 4 of the Dungeon.
You visited 1 branch of the dungeon, and saw 4 of its levels.
You also visited: Ossuary.

You collected 230 gold pieces.

Inventory:

Hand Weapons
 a - a +1 war axe (weapon)
Armour
 h - a +0 plate armour (worn)
 q - a +1 tower shield (worn)
Jewellery
 b - a +4 ring of evasion
 f - a ring of fire
 l - a ring of resist corrosion
Scrolls
 c - a scroll of brand weapon {unknown}
 d - a scroll of poison
 e - a scroll of identify
 g - 2 scrolls of fear
 i - a scroll of amnesia
 j - 2 scrolls of teleportation
 n - a scroll of vulnerability {unknown}
 p - 2 scrolls of immolation
 r - a scroll of enchant weapon
 t - a scroll of butterflies {unknown}
 w - a scroll of torment {unknown}
Potions
 k - a potion of ambrosia {unknown}
 m - a potion of resistance
 o - a potion of mutation {unknown}
 s - a potion of brilliance {unknown}
 u - a potion of haste
 v - 2 potions of curing
 z - a potion of flight


   Skills:
 + Level 4.2 Fighting
 * Level 5.4 Axes
 + Level 4.3 Armour
 + Level 1.1 Dodging
 + Level 4.2 Shields


You had 6 spell levels left.
You didn't know any spells.
Your spell library contained the following spells:

 Spells                   Type           Power      Damage    Failure   Level
 Dazzling Flash           Conj/Hex       0%         N/A       100%        3
 Agony                    Necr           0%         N/A       100%        5
 Silence                  Hex/Air        0%         N/A       100%        5


Dungeon Overview and Level Annotations

Branches:
Dungeon (4/15)            Ossuary (visited)
 Temple: D:4-7

Altars:
Cheibriados
Vehumet

Shops:
D:3 (


Innate Abilities, Weirdness & Mutations

You are immune to sickness and miasma.
Your stone body is resilient. (AC +4)
You are immune to poison.
You resist negative energy. (rN+)
You are resistant to electric shocks. (rElec)
You are resistant to unholy torment.
You are immune to petrification.


Message History

The kobold attacks as you move away! You block the kobold's attack.
The hobgoblin attacks as you move away!
The hobgoblin hits you but does no damage.
There is an open door here.
You barely miss the ogre. You hit the hobgoblin.
The ogre hits you with a +0 giant club!
The hobgoblin hits you but does no damage.
You barely miss the ogre. You barely miss the hobgoblin.
You block the ogre's attack.
The hobgoblin hits you but does no damage. x2
You hit the ogre but do no damage. You closely miss the hobgoblin.
You block the ogre's attack.
The hobgoblin hits you but does no damage.
The hobgoblin completely misses you. The ogre hits you with a +0 giant club.
It was a potion of attraction.
You feel attractive to monsters. The hobgoblin hits you.
You feel better. You block the ogre's attack.
The hobgoblin hits you but does no damage.
It was a potion of haste.
You feel yourself speed up. You block the ogre's attack.
You block the hobgoblin's attack.
You barely miss the ogre. You hit the hobgoblin but do no damage.
You block the hobgoblin's attack.
You slash the ogre!
The ogre is heavily wounded.
You closely miss the hobgoblin. You block the ogre's attack.
The hobgoblin hits you but does no damage.
You closely miss the ogre.
The ogre is heavily wounded.
You closely miss the hobgoblin. The ogre hits you with a +0 giant club!
* * * LOW HITPOINT WARNING * * *
The hobgoblin hits you.
* * * LOW HITPOINT WARNING * * *
You slash the ogre!
The ogre is almost dead.
You barely miss the hobgoblin.
The hobgoblin hits you but does no damage.
You feel better.
The ogre hits you with a +0 giant club!!
You die...

#. #..#.## ##... .#
#...#..# #.... .# ...
#..#####.... .#..
#..#........
##+##'##+##....°.°....
#.........#...☼._.☼..#
#.8Wr8..8.#...☼..$..##
#..KgO....#.....☼○..#.
#####@#####..##.......
#..# ###.....#... ##.#
###....##....
##.###.......#....
#..†..#...........
#..[..#......>....
#..#..............
#####...#.........
#######.......


You could see an ogre, a phantom, a quokka, a hobgoblin and a kobold.

Vanquished Creatures
  A necrophage (D:3)
  A scorpion (D:4)
  An orc priest (D:3)
  An iguana (D:3)
  An orc wizard (D:4)
  12 mummies (Ossuary)
  5 adders
  A worm (D:2)
  2 dart slugs
  10 orcs
  7 endoplasms
  A giant cockroach (D:2)
  8 goblins
  8 hobgoblins
  2 jackals (D:2)
  7 kobolds
  5 quokkas
  11 ball pythons
  5 bats
  2 frilled lizards (D:1)
  3 gnoll skeletons (Ossuary)
  A gnoll zombie (D:4)
  A kobold skeleton (Ossuary)
  A kobold zombie (D:4)
  4 orc skeletons (Ossuary)
  6 rats
  11 rat skeletons (Ossuary)
118 creatures vanquished.

Notes
Turn   | Place    | Note
-------+----------+-------------------------------------------
     0 | D:1      | SensoryNuts the Gargoyle Fighter began the quest for the
                  | Orb.
     0 | D:1      | Reached XP level 1. HP: 14/14 MP: 1/1
   185 | D:1      | Reached XP level 2. HP: 19/19 MP: 2/2
   396 | D:1      | Reached skill level 2 in Axes
   700 | D:1      | Reached XP level 3. HP: 23/23 MP: 3/3
  1474 | D:2      | Found a snail-covered altar of Cheibriados.
  1631 | D:2      | Reached XP level 4. HP: 17/29 MP: 4/4
  2274 | D:2      | Reached skill level 1 in Dodging
  2590 | D:3      | Found Xaeheihi's Antique Weapon Shoppe.
  2695 | D:3      | Noticed a necrophage
  2706 | D:3      | Killed a necrophage
  2707 | D:3      | Reached skill level 3 in Axes
  2707 | D:3      | Reached XP level 5. HP: 21/33 MP: 5/5
  3042 | D:3      | HP: 1/33 [orc priest/divine providence (12)]
  3371 | D:3      | Reached skill level 4 in Axes
  3371 | D:3      | Reached XP level 6. HP: 27/38 MP: 6/6
  3814 | D:4      | Found a radiant altar of Vehumet.
  3834 | D:4      | Found a sand-covered staircase.
  3847 | Ossuary  | Entered an ossuary
  4678 | Ossuary  | Reached skill level 5 in Axes
  4743 | Ossuary  | Reached XP level 7. HP: 43/43 MP: 7/7
  4987 | D:4      | Slain by an ogre

Illustrated notes

Levels and vault maps discovered:
D:1:      dpeg_chamrin_arrival_tetris, layout_loops_ring, minmay_octomino_c4
D:2:      layout_basic, basic_altar, minmay_misc_feat_square
D:3:      layout_basic, serial_shops, shop, hangedman_decor_lopped
D:4:      minmay_chambers_of_threes, layout_cave_pools, kennysheep_mini,
          fiery_altar_vehumet, enter_ossuary_3, nicolae_shop_overcharged_wands,
          uniq_grinder

Skill      XL: |  1  2  3  4  5  6 |
---------------+-------------------+-----
Axes           | 2 3 4 5 |  5.4
Dodging        | 1 |  1.1
Fighting       | 4 |  4.2
Armour         | 4 |  4.3
Shields        | 4 |  4.2

Action                   |  1- 3 |  4- 6 |  7- 9 || total
-------------------------+-------+-------+-------++-------
Melee: War axe           |   107 |   225 |    30 ||   362
  Use: Scroll            |     7 |     2 |       ||     9
       Potion            |     4 |     6 |     4 ||    14
Armor: Scale mail        |    75 |    41 |       ||   116
       Plate armour      |       |    86 |    28 ||   114
Dodge: Dodged            |    47 |    24 |     4 ||    75
Block: Buckler           |    13 |       |       ||    13
       Tower shield      |    26 |   125 |    21 ||   172

Table legend: (Time is in decaauts)
 A = Elapsed time spent in this place.
 B = Non-inter-level travel time spent in this place.
 C = Inter-level travel time spent in this place.
 D = Time resting spent in this place.
 E = Time spent auto-exploring this place.
 F = Levels seen in this place.
 G = Mean time per level.
                   A        B        C        D        E       F      G
               +--------+--------+--------+--------+--------+-----+--------+
         Total |   5233 |   5151 |     82 |    243 |   3887 |   5 | 1046.6 |
       Dungeon |   4087 |   4005 |     82 |    243 |   2999 |   4 | 1021.8 |
       Ossuary |   1145 |   1145 |      0 |      0 |    888 |   1 | 1145.0 |
               +--------+--------+--------+--------+--------+-----+--------+

Top non-repeatable levels by time:
     D:1: 1351 daAuts
     D:2: 1314 daAuts
 Ossuary: 1145 daAuts
     D:3: 877 daAuts
     D:4: 545 daAuts
